 Dungeon Crawl Stone Soup version 0.21.1-1-g345015f (webtiles) character file.

375 inc the Ducker (level 6, 29/29 HPs)
             Began as a Felid Enchanter on Feb 19, 2018.
             Quit the game on level 4 of the Dungeon.
             The game lasted 00:19:41 (4489 turns).

inc the Ducker (Felid Enchanter)                    Turns: 4489, Time: 00:19:42

Health: 29/29      AC:  2    Str:  4    XL:     6   Next: 44%
Magic:  11/11      EV: 22    Int: 18    God:
Gold:   271        SH:  0    Dex: 17    Spells: 2/11 levels left
                                        Lives:  0   Deaths: 2

rFire    . . .     SeeInvis +     - Unarmed
rCold    . . .     Gourm    .   (shield unavailable)
rNeg     . . .     Faith    .   (armour unavailable)
rPois    .         Spirit   .   (helmet unavailable)
rElec    .         Reflect  .   (cloak unavailable)
rCorr    .         Harm     .   (gloves unavailable)
MR       .....                  (boots unavailable)
Stlth    ++++......             i - amulet of regeneration
HPRegen  0.49/turn              (no ring)
MPRegen  0.12/turn              (no ring)

@: quick
A: very small, no armour, no weapons or thrown items, stealth, claws 1, fangs 3,
see invisible, carnivore, speed 1, shaggy fur 2, slow metabolism 1, sharp paws
a: no special abilities


You were on level 4 of the Dungeon.
You were not hungry.

You visited 1 branch of the dungeon, and saw 5 of its levels.

You collected 271 gold pieces.

Inventory:

Jewellery
 f - an uncursed ring of ice
 i - an amulet of regeneration (around neck)
 t - a +2 ring of dexterity {unknown}
Scrolls
 c - 5 scrolls of teleportation {unknown}
 e - a scroll of enchant armour {unknown}
 k - 3 scrolls of enchant weapon {unknown}
 n - 3 scrolls of remove curse {unknown}
 p - a scroll of identify {unknown}
 r - a scroll of noise {unknown}
Potions
 d - 2 potions of curing {unknown}
 g - 2 potions of lignification {unknown}
 h - a potion of cancellation {unknown}
 j - a potion of heal wounds {unknown}
 l - a potion of agility {unknown}
 m - a potion of brilliance {unknown}
 o - a potion of mutation {unknown}
 q - 2 potions of degeneration {unknown}
 s - a potion of might {unknown}
Books
 a - a book of Maledictions

   Spells                             Type                      Level
   a - Corona                         Hexes                        1
   b - Ensorcelled Hibernation        Hexes/Ice                    2
   c - Confuse                        Hexes                        3
   d - Tukima's Dance                 Hexes                        3
   e - Dazzling Spray                 Conjuration/Hexes            3
Comestibles
 b - 15 rations


   Skills:
 + Level 4.3 Fighting
 + Level 6.6 Dodging
 - Level 6.1 Stealth
 - Level 3.0 Unarmed Combat
 - Level 3.0 Spellcasting
 - Level 0.1 Conjurations
 - Level 5.0 Hexes
 - Level 1.5 Ice Magic


You had 2 spell levels left.
You knew the following spells:

 Your Spells              Type           Power        Failure   Level  Hunger
a - Corona                Hex            ###....      1%          1    None
b - Ensorcelled Hibernat  Hex/Ice        ##....       6%          2    ##.....
c - Dazzling Spray        Conj/Hex       ##....       17%         3    ###....
d - Confuse               Hex            ###.....     6%          3    ###....


Dungeon Overview and Level Annotations

Branches:
Dungeon (5/15)
 Temple: D:4-7

Altars:
Fedhas
Makhleb
Qazlal
Zin

Shops:
D:5 =

Annotations:
D:4 wotfoxis's ghost, amateur HOFi


Innate Abilities, Weirdness & Mutations

You cannot wear armour.
You are incapable of wielding weapons or throwing items.
Your paws allow you to move quietly. (Stealth)
You have sharp claws.
You have razor-sharp teeth.
You have supernaturally acute eyesight. (SInv)
You are carnivorous and can eat meat at any time.
You cover ground quickly.
You are covered in thick fur. (AC +2)
You have a slow metabolism.
Your sharp claws are effective at attacking unaware monsters.


Message History

The killer bee resists with significant effort.
The killer bee barely misses you. The killer bee closely misses you.
The killer bee misses you. The killer bee misses you.
There is a stone staircase leading up here.
The killer bee stings you but does no damage.
The killer bee closely misses you. The killer bee stings you!
You climb upwards.
Level annotation: wotfoxis's ghost, amateur HOFi Wotfoxis's ghost hits you!
* * * LOW HITPOINT WARNING * * *
There is a stone staircase leading down, spattered with blood here.
The killer bee stings you!
You die...
You are now level 6!
You rejoin the land of the living...
Unknown command. (m)acro, (M)acro raw, keymap [(k) default, (x) level-map, (t)argeting, (c)onfirm, m(e)nu], (s)ave?
Aborting.
Are you sure you want to abandon this character and quit the game? (Confirm with "yes".)

##.## ##.##
#####...# ###
#.....#.#
#..##...#
#..###.##########
#....#.##.......#
##.##.#.##.......#
#.......##.......#
#@......##.......#
#.###..###.......#
#.#....# #.......#
#.#.##.# #.......#
#.#.##.# ##.#.....
#......# ##.####.#
###.#### #...###.#
# ###
#.######........
###.##
#.#........#####


There were no monsters in sight!

Vanquished Creatures
  A black bear (D:5)
  An ice beast (D:5)
  A sky beast (D:5)
  2 ogres
  A scorpion (D:4)
  A killer bee (D:5)
  2 hounds
  3 iguanas
  2 worker ants
  A worker ant zombie (D:5)
  4 adders
  A shadow imp (D:5)
  2 adder skeletons
  5 worms
  A dart slug (D:2)
  6 leopard geckos
  6 orcs
  A ball python (D:1)
  9 giant cockroaches
  6 goblins
  5 hobgoblins
  9 kobolds
  5 quokkas
  6 bats
  5 frilled lizards
  12 rats
98 creatures vanquished.

Notes
Turn   | Place    | Note
-------+----------+-------------------------------------------
     0 | D:1      | inc the Felid Enchanter began the quest for the Orb.
     0 | D:1      | Reached XP level 1. HP: 7/7 MP: 4/4
   190 | D:1      | Reached XP level 2. HP: 11/11 MP: 6/6
   296 | D:1      | Learned a level 2 spell: Ensorcelled Hibernation
   743 | D:2      | Found a blossoming altar of Fedhas.
   798 | D:2      | Reached XP level 3. HP: 11/14 MP: 2/7
   930 | D:2      | Reached skill level 5 in Hexes
  1057 | D:2      | Reached skill level 5 in Stealth
  1658 | D:2      | Found a stormy altar of Qazlal.
  1791 | D:2      | Reached XP level 4. HP: 18/18 MP: 3/8
  1944 | D:3      | Learned a level 3 spell: Dazzling Spray
  2099 | D:3      | Found a burning altar of Makhleb.
  2776 | D:4      | Reached skill level 1 in Ice Magic
  2776 | D:4      | Reached XP level 5. HP: 21/21 MP: 7/10
  2796 | D:4      | Noticed wotfoxis's ghost (amateur HOFi)
  3013 | D:4      | Noticed an ogre
  3062 | D:4      | Killed an ogre
  3124 | D:4      | Gained mutation: You are covered in thick fur. (AC +2) [Felid growth]
  3124 | D:4      | Reached XP level 6. HP: 24/24 MP: 0/11
  3135 | D:4      | Learned a level 3 spell: Confuse
  3306 | D:4      | Killed from afar by an orc priest
  3307 | D:4      | Reached XP level 5. HP: 0/21 MP: 6/10
  3413 | D:4      | Reached skill level 1 in Fighting
  3651 | D:5      | Entered Level 5 of the Dungeon
  3840 | D:5      | Noticed an ogre
  3849 | D:5      | Killed an ogre
  3849 | D:5      | Reached XP level 6. HP: 27/27 MP: 8/11
  3891 | D:5      | Noticed an ice beast
  3894 | D:5      | Killed an ice beast
  3909 | D:5      | Reached skill level 5 in Dodging
  4198 | D:5      | Found a glowing silver altar of Zin.
  4202 | D:5      | Found Kairr's Jewellery Shoppe.
  4205 | D:5      | Noticed a sky beast
  4214 | D:5      | Killed a sky beast
  4214 | D:5      | Reached XP level 7. HP: 31/31 MP: 5/12
  4486 | D:4      | HP: 1/33 [wotfoxis's ghost (11)]
  4488 | D:4      | Slain by a killer bee
  4489 | D:4      | Reached XP level 6. HP: -5/29 MP: 2/11
  4489 | D:4      | Quit the game

Skill      XL: |  1  2  3  4  5  6  7 |
---------------+----------------------+-----
Dodging        | 3 4 5 6 |  6.6
Hexes          | 5 |  5.0
Stealth        | 5 6 |  6.1
Unarmed Combat | 2 3 |  3.0
Ice Magic      | 1 |  1.5
Spellcasting   | 3 |  3.0
Fighting       | 2 3 4 |  4.3
Conjurations   | |  0.1

Action                   |  1- 3 |  4- 6 |  7- 9 || total
-------------------------+-------+-------+-------++-------
Melee: Unarmed           |    63 |   138 |     5 ||   206
       Bite              |     4 |    12 |       ||    16
 Cast: Ensorcelled Hiber |    15 |    62 |     5 ||    82
       Corona            |     1 |     1 |       ||     2
       Dazzling Spray    |       |    10 |     2 ||    12
       Confuse           |       |     9 |       ||     9
 Stab: Sleeping          |    28 |    42 |     3 ||    73
       Confused          |       |     2 |       ||     2
       Invisible         |       |     1 |       ||     1
  Eat: Chunk             |     7 |     6 |       ||    13
Armor: Skin              |     8 |     6 |     2 ||    16
Dodge: Dodged            |    33 |   123 |    36 ||   192
